[Event "FRA-ch Universities 2019"]
[Site "Paris"]
[Date "2019.02.03"]
[Round "7"]
[White "Ribiere, Damien"]
[Black "Brethes, Francois"]
[Result "1/2-1/2"]
[ECO "B06"]
[WhiteElo "2042"]
[BlackElo "2267"]
[Annotator "ChessBase"]
[PlyCount "115"]
[EventDate "2019.02.01"]
[EventType "swiss"]
[EventCountry "FRA"]
[SourceTitle "playchess.com"]
[Source "ChessBase"]
[SourceQuality "1"]
[TimeControl "900+5"]

1. e4 g6 2. Nc3 Bg7 3. a3 d6 4. Bc4 Nf6 5. Ba2 c5 6. d3 Nc6 7. Nge2 e5 8. O-O Be6 9. f4 Bxa2 10. Rxa2 exf4 11. Bxf4 Nh5 12. Be3 O-O 13. Nd5 Ne5 14. h3 Qh4 15. Qd2 Ng3 16. Nxg3 Qxg3 17. Kh1 Nd7 18. Bf4 Qh4 19. Bxd6 Be5 20. Bxe5 Nxe5 21. Nf6+ Kg7 22. Raa1 Rfd8 23. Rf4 Qg3 24. Raf1 b6 25. Ng4 Nxg4 26. Rxf7+ Kg8 27. hxg4 Rf8 28. Rxf8+ Rxf8 29. Rxf8+ Kxf8 30. Qg5 Kg7 31. e5 h5 32. Qf6+ Kh7 33. Qf7+ Kh6 34. Qf8+ Kg5 35. Qf6+ Kh6 36. gxh5 Kxh5 37. Qh8+ Kg5 38. Qf6+ Kh6 39. e6 Qd6 40. Qf7 Qe5 41. Qf8+ Kg5 42. Qd8+ Kg4 43. Qf8 Qxe6 44. Qf3+ Kg5 45. Qg3+ Kf6 46. Kh2 g5 47. Qf3+ Kg6 48. Qe4+ Qxe4 49. dxe4 Kf6 50. Kg3 Ke5 51. Kf3 Kd4 52. c3+ Ke5 53. Ke3 g4 54. g3 c4 55. a4 a5 56. Kd2 Kxe4 57. Ke2 Kd5 58. Kd2 1/2-1/2

[Event "FRA-ch Universities 2019"]
[Site "Paris"]
[Date "2019.02.03"]
[Round "7"]
[White "Fines, Adrien"]
[Black "Toure, Vasanth"]
[Result "0-1"]
[ECO "A14"]
[WhiteElo "1756"]
[BlackElo "2064"]
[Annotator "NA"]
[PlyCount "83"]
[EventDate "2019.02.01"]
[EventType "swiss"]
[EventCountry "FRA"]
[SourceTitle "playchess.com"]
[Source "ChessBase"]
[SourceQuality "1"]
[TimeControl "900+5"]

1. c4 Nf6 2. g3 e6 3. Bg2 d5 4. Nf3 Be7 5. O-O O-O 6. b3 c6 7. Bb2 Re8 8. d3 Nbd7 9. Nbd2 b5 10. e4 bxc4 11. bxc4 Nc5 12. e5 Nfd7 13. d4 Nd3 14. Bc3 Ba6 15. Qa4 (15. Ne1 $5 dxc4 16. Bxc6 $14) 15... Qc8 16. Rfd1 Nb6 17. Qa5 $17 c5 18. cxd5 Nxd5 19. Ne4 cxd4 20. Bxd4 Bb4 21. Qa4 Nb6 22. Bxb6 axb6 23. Rxd3 Bxd3 24. Qxb4 Bxe4 25. Qxe4 Qc3 26. Rb1 Rxa2 27. Ng5 h6 28. Qh7+ Kf8 29. Nf3 Qc2 30. Qxc2 Rxc2 31. Rxb6 Rd8 32. Bf1 g5 33. h3 Rc3 34. Kg2 Rd5 35. Rb8+ Kg7 36. Rb7 Kg6 37. g4 Rd1 38. Rb2 Rxf1 39. Kxf1 Rxf3 40. Kg2 Rd3 41. f3 h5 42. Re2 0-1

[Event "FRA-ch Universities 2019"]
[Site "Paris"]
[Date "2019.02.03"]
[Round "8"]
[White "Sochacki, Wojtek"]
[Black "Geronimi, Pierre-Francois"]
[Result "1-0"]
[ECO "B06"]
[WhiteElo "2348"]
[BlackElo "2042"]
[Annotator "NA"]
[PlyCount "48"]
[EventDate "2019.02.01"]
[EventType "swiss"]
[EventCountry "FRA"]
[SourceTitle "playchess.com"]
[Source "ChessBase"]
[SourceQuality "1"]
[TimeControl "900+5"]

1. e4 g6 2. d4 Bg7 3. c4 c5 4. d5 d6 5. Nc3 Nf6 6. Bd3 O-O 7. h3 e6 8. Nf3 exd5 9. exd5 Re8+ 10. Be3 a6 11. a4 Nbd7 12. O-O h6 13. Qd2 Kh7 14. Rae1 Ne5 15. Nxe5 Rxe5 16. Bf4 Nh5 17. Bxe5 Bxe5 18. Rxe5 dxe5 19. Re1 Nf4 20. Rxe5 Qf6 21. Re4 Nxd3 22. Qxd3 Bf5 23. Qf3 Qb6 24. Re2 Kg8 1-0

[Event "FRA-ch Universities 2019"]
[Site "Paris"]
[Date "2019.02.03"]
[Round "8"]
[White "Devallee, Jeremie"]
[Black "Daeschler, Florian"]
[Result "0-1"]
[ECO "A00"]
[WhiteElo "2317"]
[BlackElo "2276"]
[Annotator "NA"]
[PlyCount "78"]
[EventDate "2019.02.01"]
[EventType "swiss"]
[EventCountry "FRA"]
[SourceTitle "playchess.com"]
[Source "ChessBase"]
[SourceQuality "1"]
[TimeControl "900+5"]

1. Nc3 Nf6 2. g4 d5 3. g5 Ng8 4. d4 Bf5 5. Bg2 e6 6. Nf3 Nd7 7. Bf4 Bd6 8. Ne5 Ne7 9. Bg3 Bxe5 10. dxe5 Ng6 11. f4 Nb6 12. e4 dxe4 13. Nxe4 Qxd1+ 14. Rxd1 Nd5 15. Nc5 O-O 16. Bxd5 exd5 17. O-O b6 18. Nd3 c5 19. c3 Rad8 20. Ne1 Ne7 21. b4 cxb4 22. cxb4 Be4 23. Nf3 Nf5 24. Kf2 Rc8 25. Rc1 a5 26. bxa5 bxa5 27. Nd2 Bd3 28. Rfd1 Bc2 29. Re1 d4 $17 30. Kf3 Rc3+ 31. Kg2 Rfc8 32. Nf3 Bd3 33. Rcd1 Ne3+ 34. Rxe3 dxe3 35. Ne1 Be4+ 36. Kf1 Bf5 37. Rd5 Ra3 38. Ke2 Bg4+ 39. Kf1 Rxa2 0-1

[Event "FRA-ch Universities 2019"]
[Site "Paris"]
[Date "2019.02.03"]
[Round "8"]
[White "Lever, Erwan"]
[Black "Ribiere, Damien"]
[Result "1-0"]
[ECO "E91"]
[WhiteElo "2275"]
[BlackElo "2042"]
[Annotator "NA"]
[PlyCount "127"]
[EventDate "2019.02.01"]
[EventType "swiss"]
[EventCountry "FRA"]
[SourceTitle "playchess.com"]
[Source "ChessBase"]
[SourceQuality "1"]
[TimeControl "900+5"]

1. d4 (1. c4 g6 2. d4 Bg7 3. Nc3 d6 4. e4 {0-1 (32) Abdisalimov,A (2317)-Sindarov,J (2430) Tashkent 2018}) 1... Nf6 2. c4 g6 3. Nc3 Bg7 4. e4 d6 5. Nf3 O-O 6. Be2 Bg4 7. Be3 $146 ({Predecessor:} 7. O-O Nfd7 {0-1 (32) Abdisalimov,A (2317)-Sindarov,J (2430) Tashkent 2018 0-1 (54) Pena Mor,D (1858)-Dahale,A (2040) Barcelona 2018}) 7... Nfd7 8. O-O Nc6 9. Rc1 Bxf3 ({Predecessor:} 9... e5 10. d5 Bxf3 {0-1 (32) Abdisalimov,A (2317)-Sindarov,J (2430) Tashkent 2018 0-1 (54) Pena Mor,D (1858)-Dahale,A (2040) Barcelona 2018}) 10. Bxf3 e5 11. d5 Nd4 12. Bxd4 {[%emt 0:00:44] E91: King's Indian: Classical: 6 Be2, unusual replies including 6...c5 and 6...Bg4} exd4 13. Nb5 d3 14. Qxd3 Bxb2 15. Rb1 (15. Rce1 Qf6 16. Qe2 a6 17. Rb1 axb5 18. Rxb2 bxc4 19. Rxb7 Ne5 20. Rxc7 {0-1 (32) Abdisalimov,A (2317)-Sindarov,J (2430) Tashkent 2018}) 15... Bg7 16. g3 ({Predecessor:} 16. Rfd1 Nc5 17. Qc2 a6 18. Nd4 Bxd4 19. Rxd4 Qf6 {0-1 (54) Pena Mor,D (1858)-Dahale,A (2040) Barcelona 2018}) 16... Nc5 17. Qc2 a6 18. Na3 Qf6 19. Bg2 Rae8 20. Rbd1 Qb2 21. Qxb2 Bxb2 22. Nc2 Nxe4 23. Rb1 Bg7 24. Rxb7 Nd2 25. Rd1 Nxc4 26. Rxc7 Rc8 27. Rxc8 Rxc8 28. Nb4 Nb2 29. Re1 Bc3 30. Rc1 Na4 31. Nc6 Re8 32. Bf1 a5 $14 33. Bb5 Bd2 34. Rc2 Nc3 35. a4 Be1 36. Nd4 Re5 37. Nf3 Re7 38. Bc6 Nb1 39. Rc1 Nd2 40. Nxe1 f5 41. Nd3 Nf3+ 42. Kg2 Nd4 43. Nf4 Kg7 44. Rd1 Nc2 45. Ne6+ Kf6 46. Rc1 Nb4 47. Nd4 Re4 48. Nb5 Ke7 49. Nc3 Rc4 50. Re1+ Kf7 51. Nb5 Rc2 52. Nxd6+ Kf6 53. Re6+ Kg5 54. Nf7+ Kh5 55. h3 Rd2 56. Re5 Nd3 57. g4+ Kh4 58. Re3 Rxf2+ 59. Kg1 Rd2 60. gxf5 gxf5 61. d6 Nf4 62. d7 Rd1+ 63. Kf2 Rd2+ 64. Kf3 1-0

[Event "FRA-ch Universities 2019"]
[Site "Paris"]
[Date "2019.02.03"]
[Round "8"]
[White "Brethes, Francois"]
[Black "Bedini, Lucas"]
[Result "1-0"]
[ECO "C50"]
[WhiteElo "2267"]
[BlackElo "1920"]
[Annotator "NA"]
[PlyCount "102"]
[EventDate "2019.02.01"]
[EventType "swiss"]
[EventCountry "FRA"]
[SourceTitle "playchess.com"]
[Source "ChessBase"]
[SourceQuality "1"]
[TimeControl "900+5"]

1. e4 e5 2. Nf3 Nc6 3. Bc4 Nf6 4. d3 Bc5 5. O-O h6 6. a4 O-O 7. c3 d5 8. exd5 Nxd5 9. Nbd2 Nb6 10. Bb3 Qxd3 11. a5 Nd7 12. Bc4 Qg6 13. Nh4 Qf6 14. Qh5 Qg5 15. Qxg5 hxg5 16. Nhf3 g4 17. Ng5 Nf6 18. b4 Be7 19. b5 Nd8 20. Re1 Nd7 21. Nf1 c6 22. bxc6 Nxc6 23. Ne4 Nc5 24. Ba3 Nxe4 25. Bxe7 Nxe7 26. Rxe4 Nc6 27. Bd5 Re8 28. Ne3 Kf8 29. a6 f6 30. Rc4 Nd8 31. Nxg4 Be6 32. Ne3 Ke7 33. axb7 Rb8 34. Rxa7 Bxd5 35. Nxd5+ Kd6 36. Nc7 Re7 37. Nb5+ Kd5 38. Rc7 Rxc7 39. Nxc7+ Kc4 40. Ne8 Nxb7 41. Nxg7 Nd6 42. g4 Kxc3 43. h4 Rb4 44. f3 Rf4 45. Ra3+ Kd2 46. Kf2 e4 47. Ne6 e3+ 48. Rxe3 Ra4 49. Re2+ Kd3 50. Nc5+ Kc3 51. Nxa4+ Kd3 1-0

[Event "FRA-ch Universities 2019"]
[Site "Paris"]
[Date "2019.02.03"]
[Round "8"]
[White "Dobrocmyslov, Artem"]
[Black "Lutard, Theo"]
[Result "1-0"]
[ECO "A40"]
[WhiteElo "2262"]
[BlackElo "2222"]
[Annotator "NA"]
[PlyCount "88"]
[EventDate "2019.02.01"]
[EventType "swiss"]
[EventCountry "FRA"]
[SourceTitle "playchess.com"]
[Source "ChessBase"]
[SourceQuality "1"]
[TimeControl "900+5"]

1. d4 e6 2. Nf3 b6 3. e4 Bb7 4. Bd3 d6 5. O-O Nd7 6. Qe2 g6 7. Bg5 Ne7 8. e5 Bxf3 9. Qxf3 d5 10. Bf6 Nxf6 11. exf6 Nc6 12. Bb5 Qd6 13. Nd2 O-O-O 14. Nc4 Qb4 15. Ba6+ Kb8 16. Ne5 Nxe5 17. dxe5 c5 18. Qe2 c4 19. b3 Qa5 20. Bxc4 dxc4 21. bxc4 Bc5 22. Rab1 Qd2 23. Qe4 Qd4 24. Qc6 Qxe5 25. a4 Rd6 26. Qf3 Bd4 27. Rb5 Qxf6 28. Qg3 e5 29. a5 Rhd8 30. axb6 Rxb6 31. Rfb1 Rxb5 32. Rxb5+ Bb6 33. h4 Rd1+ 34. Kh2 Kc8 35. Qg4+ Kc7 36. Qxd1 Qf4+ 37. Kh3 Qxf2 38. Rd5 Qe3+ 39. Kh2 Qf4+ 40. Kh3 Qf5+ 41. g4 Qe6 42. c5 Ba5 43. c4 e4 44. Qa4 Be1 1-0

[Event "FRA-ch Universities 2019"]
[Site "Paris"]
[Date "2019.02.03"]
[Round "8"]
[White "Viers, Emmanuel"]
[Black "Eden, James"]
[Result "0-1"]
[ECO "D00"]
[WhiteElo "2199"]
[BlackElo "2338"]
[Annotator "NA"]
[PlyCount "50"]
[EventDate "2019.02.01"]
[EventType "swiss"]
[EventCountry "FRA"]
[SourceTitle "playchess.com"]
[Source "ChessBase"]
[SourceQuality "1"]
[TimeControl "900+5"]

1. d4 d5 2. Nc3 Nf6 3. Nf3 Bf5 4. Ne5 e6 5. e3 Nbd7 6. g4 Nxe5 7. gxf5 Nc6 8. fxe6 fxe6 9. Rg1 Qd7 10. Bh3 O-O-O 11. Qe2 Bd6 12. f3 Kb8 13. Bd2 Qe7 14. f4 h6 15. Bf1 g5 16. fxg5 hxg5 17. h3 e5 18. dxe5 Nxe5 19. Rxg5 Ne4 20. Nxe4 dxe4 21. Rxe5 Qh4+ 22. Kd1 Bxe5 23. c3 Rhf8 24. Qb5 Qf2 25. Be2 Qxe3 0-1

[Event "FRA-ch Universities 2019"]
[Site "Paris"]
[Date "2019.02.03"]
[Round "8"]
[White "Toure, Vasanth"]
[Black "Guillemart, Serge"]
[Result "1-0"]
[ECO "B35"]
[WhiteElo "2064"]
[BlackElo "2023"]
[Annotator "NA"]
[PlyCount "155"]
[EventDate "2019.02.01"]
[EventType "swiss"]
[EventCountry "FRA"]
[SourceTitle "playchess.com"]
[Source "ChessBase"]
[SourceQuality "1"]
[TimeControl "900+5"]

1. e4 c5 2. Nf3 g6 3. d4 Bg7 4. Nc3 cxd4 5. Nxd4 Nc6 6. Be3 Nf6 7. Bc4 O-O 8. Bb3 Ng4 9. Qxg4 Nxd4 10. Qd1 Nxb3 11. axb3 b6 12. Qd5 Qc7 13. O-O Bb7 14. Qd3 a6 15. Rad1 d6 16. Na4 b5 17. Nb6 Rad8 18. c4 b4 19. Rd2 f5 20. Nd5 Bxd5 21. exd5 f4 22. Bd4 f3 23. Bxg7 Kxg7 24. gxf3 Qd7 25. Kg2 Rf4 26. Re2 Rdf8 27. Re6 R8f7 28. Rfe1 Qa7 29. R1e3 Rd4 30. Qb1 Rdf4 31. Qa1 R4f5 32. Qa5 Rg5+ 33. Kf1 Qd4 34. Qxb4 Qh4 35. Ke2 Rg2 36. Qe1 Rxh2 37. R3e4 Qh5 38. Re3 Qg5 39. Qc3+ Kg8 40. Qe1 Rh3 41. Qa5 Qf5 42. Qc3 Qg5 43. Qa5 Kg7 44. Qc3+ Kh6 45. Qd4 Rh4 46. R6e4 Rh1 47. Rg4 Qh5 48. Ree4 Qf5 49. Rh4+ Rxh4 50. Rxh4+ Kg5 51. Rg4+ Kh5 52. Rh4+ Kg5 53. Qg4+ Qxg4 54. Rxg4+ Kf5 55. Ke3 Rg7 56. b4 h5 57. Rf4+ Ke5 58. Rf8 g5 59. Ra8 h4 60. Rxa6 Rg8 61. Ra7 Kf6 62. b5 h3 63. Ra1 Ke5 64. Rh1 Rh8 65. b4 Rh4 66. Kd3 Kf4 67. b6 Rh8 68. c5 Ke5 69. Kc4 dxc5 70. bxc5 Rh4+ 71. Kb5 Kxd5 72. Rd1+ Ke6 73. Kc6 h2 74. Re1+ Kf6 75. b7 g4 76. b8=Q Rh6 77. Qe5+ Kf7+ 78. Kb5 1-0

[Event "FRA-ch Universities 2019"]
[Site "Paris"]
[Date "2019.02.03"]
[Round "8"]
[White "Mugil, Jayavel"]
[Black "Loiseau, Quentin"]
[Result "0-1"]
[ECO "C48"]
[WhiteElo "2001"]
[BlackElo "2452"]
[Annotator "RC"]
[PlyCount "72"]
[EventDate "2019.02.01"]
[EventType "swiss"]
[EventCountry "FRA"]
[SourceTitle "playchess.com"]
[Source "ChessBase"]
[SourceQuality "1"]
[TimeControl "900+5"]

1. e4 e5 2. Nf3 Nc6 3. Nc3 Nf6 4. Bb5 Bc5 5. Nxe5 Nxe5 6. d4 Bd6 7. f4 Ng6 8. e5 Be7 9. f5 Nh4 10. exf6 Bxf6 11. O-O c6 12. Qe1+ Qe7 13. Ne4 Bxd4+ 14. Kh1 cxb5 15. f6 Bxf6 16. Rxf6 Nxg2 17. Kxg2 gxf6 18. Nxf6+ Kd8 19. Qf2 b6 20. Bg5 Bb7+ 21. Kf1 Kc8 22. Re1 Qc5 23. Be3 Qc4+ 24. Re2 Bc6 25. b3 Qe6 26. Bxb6 Qh3+ 27. Ke1 axb6 28. Qxb6 Qh4+ 29. Rf2 Rxa2 30. Kd2 Qb4+ 31. Kd3 Ra1 32. Rd2 Qd6+ 33. Ke3 Qxf6 34. b4 Re8+ 35. Kd3 Ra3+ 36. c3 Rxc3# {Kd4} 0-1

[Event "FRA-ch Universities 2019"]
[Site "Paris"]
[Date "2019.02.03"]
[Round "8"]
[White "Noir, Mathys"]
[Black "Brunier, Jules"]
[Result "0-1"]
[ECO "C11"]
[WhiteElo "1889"]
[BlackElo "2015"]
[Annotator "NA"]
[PlyCount "75"]
[EventDate "2019.02.01"]
[EventType "swiss"]
[EventCountry "FRA"]
[SourceTitle "playchess.com"]
[Source "ChessBase"]
[SourceQuality "1"]
[TimeControl "900+5"]

1. e4 e6 2. d4 d5 3. Nc3 Nf6 4. e5 Nfd7 5. f4 c5 6. Nf3 Nc6 7. Bd3 cxd4 8. Ne2 Bc5 9. Ng3 f6 10. O-O O-O 11. Bd2 Re8 12. a3 a5 13. Kh1 f5 14. Ng5 Nf8 15. Nh5 Ng6 16. g4 h6 17. Nxe6 Bxe6 18. gxf5 Bxf5 19. Bxf5 Nh4 20. Qg4 Nxf5 21. Nf6+ Kh8 22. Nxe8 Qxe8 23. Qxf5 Qe7 24. b4 Rf8 25. Qd3 axb4 26. axb4 Bxb4 27. Bxb4 Nxb4 28. Qb3 Qc5 29. Rab1 Nxc2 30. Rbc1 Rc8 31. Rf2 d3 32. Qxd3 Qxf2 33. f5 d4 34. f6 gxf6 35. exf6 Qe3 36. Qd1 Qe4+ 37. Kg1 Rg8+ 38. Kf1 0-1

[Event "FRA-ch Universities 2019"]
[Site "Paris"]
[Date "2019.02.03"]
[Round "9"]
[White "Devallee, Jeremie"]
[Black "Mugil, Jayavel"]
[Result "0-1"]
[ECO "C00"]
[WhiteElo "2317"]
[BlackElo "2001"]
[Annotator "NA"]
[PlyCount "108"]
[EventDate "2019.02.01"]
[EventType "swiss"]
[EventCountry "FRA"]
[SourceTitle "playchess.com"]
[Source "ChessBase"]
[SourceQuality "1"]
[TimeControl "900+5"]

1. e4 e6 2. Nf3 d5 3. e5 c5 4. b4 cxb4 5. a3 bxa3 6. d4 Nc6 7. c3 f6 8. Bd3 {[%emt 0:00:02] C00: French: Unusual White 2nd moves} fxe5 9. dxe5 g6 10. Nxa3 $146 ({Predecessor:} 10. h4 Bg7 11. Qe2 Qc7 12. Bf4 Nge7 13. O-O O-O 14. Bh2 Rxf3 15. Qxf3 Nxe5 {0-1 (36) Moravec,V (2184)-Rosenbaum,V (2056) Rakovnik 2014}) 10... Bg7 11. Qe2 Nge7 12. Nb5 O-O 13. O-O Nf5 14. Ba3 Rf7 15. Nd6 Nxd6 16. Bxd6 Bf8 17. Bxf8 Qxf8 18. Ng5 Rc7 19. f4 Bd7 20. c4 Nd4 21. Qf2 dxc4 22. Qxd4 cxd3 23. Ne4 Bc6 24. Nf6+ Kh8 25. Qxd3 Rd8 26. Qh3 Rd2 27. Rf2 Rxf2 28. Kxf2 Qc5+ 29. Qe3 Qc2+ 30. Qe2 Bxg2 31. Rxa7 Qxe2+ 32. Kxe2 Rc8 33. Kd3 $15 Kg7 34. Ra2 Bf3 35. Rb2 h6 36. h4 Kf7 37. Rb6 Bc6 38. Kd4 Rd8+ 39. Kc5 Rd2 40. Ng4 h5 41. Ne3 Rf2 42. Rb4 Rh2 43. Nc4 Rxh4 44. Nd6+ Kg7 45. Nxb7 Bxb7 46. Rxb7+ Kh6 47. Rf7 Rg4 48. Kd6 h4 49. Ke7 h3 50. Kf8 Rh4 51. Rf6 h2 52. f5 exf5 53. e6 h1=Q 54. e7 Re4 0-1

[Event "FRA-ch Universities 2019"]
[Site "Paris"]
[Date "2019.02.03"]
[Round "9"]
[White "Daeschler, Florian"]
[Black "Sochacki, Christophe"]
[Result "1/2-1/2"]
[ECO "A40"]
[WhiteElo "2276"]
[BlackElo "2482"]
[Annotator "ChessBase"]
[PlyCount "73"]
[EventDate "2019.02.01"]
[EventType "swiss"]
[EventCountry "FRA"]
[SourceTitle "playchess.com"]
[Source "ChessBase"]
[SourceQuality "1"]
[TimeControl "900+5"]

1. d4 Nf6 2. c4 e6 3. g3 d5 4. Nf3 Bb4+ 5. Bd2 Be7 6. Bg2 O-O 7. O-O b6 8. Qc2 Bb7 9. cxd5 exd5 10. Bf4 c5 11. Nc3 Nc6 12. dxc5 bxc5 13. Rfd1 d4 14. a3 Rc8 15. Ne5 Bd6 16. Nxc6 Bxc6 17. Bxc6 Rxc6 18. Bxd6 Rxd6 19. Ne4 Nxe4 20. Qxe4 Re8 21. Qf3 Qb6 22. Rac1 g6 23. Rd2 Re5 24. Rdc2 Rde6 25. Qd3 Kg7 26. b4 cxb4 27. axb4 Qxb4 28. Rc4 Qb2 29. R1c2 Qb1+ 30. Kg2 Qb7+ 31. Kg1 Qb1+ 32. Kg2 Qb7+ 33. Kg1 Qb1+ 34. Kg2 Rxe2 35. Qxd4+ f6 36. Rc7+ Re7 37. Qd6 1/2-1/2

[Event "FRA-ch Universities 2019"]
[Site "Paris"]
[Date "2019.02.03"]
[Round "9"]
[White "Graca, Robert"]
[Black "Cahen, Alexis"]
[Result "1-0"]
[ECO "A04"]
[WhiteElo "2270"]
[BlackElo "2109"]
[Annotator "NA"]
[PlyCount "49"]
[EventDate "2019.02.01"]
[EventType "swiss"]
[EventCountry "FRA"]
[SourceTitle "playchess.com"]
[Source "ChessBase"]
[SourceQuality "1"]
[TimeControl "900+5"]

1. Nf3 c5 2. c4 g6 3. d4 cxd4 4. Nxd4 Nc6 5. Nc2 Bg7 6. g3 Nf6 7. Bg2 O-O 8. O-O d6 9. Nc3 Be6 10. b3 Qd7 11. Re1 Rfd8 12. e4 Nxe4 13. Nxe4 Bxa1 14. Nxa1 Ne5 15. Bb2 Rac8 16. Nc2 b5 17. f4 d5 18. cxd5 Qxd5 19. Nf6+ exf6 20. Bxd5 Rxd5 21. Nd4 Bg4 22. Qa1 Rxd4 23. Bxd4 Nf3+ 24. Kf2 Rc2+ 25. Ke3 1-0

[Event "FRA-ch Universities 2019"]
[Site "Paris"]
[Date "2019.02.03"]
[Round "9"]
[White "Dobrocmyslov, Artem"]
[Black "Viers, Emmanuel"]
[Result "1-0"]
[ECO "D02"]
[WhiteElo "2262"]
[BlackElo "2199"]
[Annotator "NA"]
[PlyCount "61"]
[EventDate "2019.02.01"]
[EventType "swiss"]
[EventCountry "FRA"]
[SourceTitle "playchess.com"]
[Source "ChessBase"]
[SourceQuality "1"]
[TimeControl "900+5"]

1. d4 d5 2. Nf3 e6 3. c4 c6 4. Qc2 Nf6 5. cxd5 exd5 6. Nc3 Be7 7. Bf4 Nbd7 8. e3 Nf8 9. h3 Ne6 10. Bh2 b6 11. Bd3 O-O 12. O-O Re8 13. Rab1 Bd6 14. Ne5 Bb7 15. b4 h6 16. f4 Qe7 17. a3 c5 18. bxc5 bxc5 19. Nb5 Bb8 20. Bf5 a6 21. Bxe6 fxe6 22. Nc3 Ba7 23. Ng6 Qd7 24. Ne5 Qc7 25. Ne2 Rac8 26. Qg6 a5 27. f5 Ba6 28. Ng4 Qe7 29. Nxh6+ Kf8 30. Bd6 Bxe2 31. Qf7# 1-0

[Event "FRA-ch Universities 2019"]
[Site "Paris"]
[Date "2019.02.03"]
[Round "9"]
[White "Grezels, Florian"]
[Black "Lever, Erwan"]
[Result "1-0"]
[ECO "C41"]
[WhiteElo "2194"]
[BlackElo "2275"]
[Annotator "NA"]
[PlyCount "53"]
[EventDate "2019.02.01"]
[EventType "swiss"]
[EventCountry "FRA"]
[SourceTitle "playchess.com"]
[Source "ChessBase"]
[SourceQuality "1"]
[TimeControl "900+5"]

1. e4 d6 2. d4 Nf6 3. Nc3 e5 4. Nf3 Nbd7 5. g4 Be7 6. g5 Nh5 7. Be3 Nf4 8. Qd2 Bxg5 9. O-O-O exd4 10. Nxd4 Ne6 11. Nxe6 Bxe3 12. Nxg7+ Kf8 13. Qxe3 Kxg7 14. Rg1+ Kf8 15. Qh6+ Ke8 16. Nd5 c6 17. Qxd6 cxd5 18. exd5 Qf6 $18 19. Qc7 Qb6 20. Re1+ Kf8 21. Qg3 Qh6+ 22. Kb1 Nc5 23. Qc7 Ne6 24. Qd6+ Ke8 25. Bb5+ Bd7 26. Qxd7+ Kf8 27. Qd6# 1-0

[Event "FRA-ch Universities 2019"]
[Site "Paris"]
[Date "2019.02.03"]
[Round "9"]
[White "Toure, Vasanth"]
[Black "Sochacki, Wojtek"]
[Result "0-1"]
[ECO "B51"]
[WhiteElo "2064"]
[BlackElo "2348"]
[Annotator "NA"]
[PlyCount "66"]
[EventDate "2019.02.01"]
[EventType "swiss"]
[EventCountry "FRA"]
[SourceTitle "playchess.com"]
[Source "ChessBase"]
[SourceQuality "1"]
[TimeControl "900+5"]

1. e4 c5 2. Nf3 d6 3. Bb5+ Nd7 4. O-O a6 5. Bxd7+ Qxd7 6. c4 {[%emt 0:00:03] B51: Sicilian: Moscow Variation (3 Bb5+) without 3...Bd7} (6. d4 cxd4 7. Qxd4 e5 8. Qd3 f5 9. Nc3 Nf6 10. Bg5 fxe4 11. Nxe4 Nxe4 12. Qxe4 Qf5 13. Qd5 Qf7 14. Qa5 Bg4 15. Nd2 Rc8 16. Ne4 {½-½ (16) Oratovsky,M (2488)-Demuth,A (2527) Barcelona 2017}) 6... e5 7. d3 $146 ({Predecessor:} 7. Nc3 Ne7 8. d3 g6 9. Bg5 Bg7 10. Bxe7 Qxe7 11. Nd5 Qd8 12. b4 O-O 13. bxc5 dxc5 {1-0 (25) Van der Veen,J (2059)-Wedda,D (1994) Hoogeveen 2016}) 7... Nf6 8. b4 cxb4 9. a3 bxa3 10. Bxa3 Be7 11. Nc3 O-O 12. Qb3 Rb8 13. Rab1 b5 14. cxb5 axb5 15. Qb4 Re8 16. Qa5 Bd8 17. Qb4 Be7 18. Qa5 Bd8 19. Qb4 Rb6 20. Rfd1 Be7 21. Qa5 Ra6 22. Qb4 d5 23. Nxe5 Bxb4 24. Nxd7 Bxc3 25. Nxf6+ gxf6 26. Bc5 dxe4 27. d4 Bd7 28. Rdc1 $19 Bd2 29. Rd1 e3 30. fxe3 Bxe3+ 31. Kh1 Ra2 32. Ra1 Rxa1 33. Rxa1 Bd2 0-1

[Event "FRA-ch Universities 2019"]
[Site "Paris"]
[Date "2019.02.03"]
[Round "9"]
[White "Bellaiche, Elise"]
[Black "Kern, Nicolas"]
[Result "0-1"]
[ECO "B22"]
[WhiteElo "2056"]
[BlackElo "2101"]
[Annotator "NA"]
[PlyCount "95"]
[EventDate "2019.02.01"]
[EventType "swiss"]
[EventCountry "FRA"]
[SourceTitle "playchess.com"]
[Source "ChessBase"]
[SourceQuality "1"]
[TimeControl "900+5"]

1. e4 c5 2. c3 Nf6 3. e5 Nd5 4. d4 cxd4 5. Nf3 e6 6. cxd4 b6 7. Bd3 d6 8. O-O Nd7 9. exd6 Bxd6 10. Nc3 Nxc3 $11 11. bxc3 Bb7 12. Qe2 Qc7 13. Bd2 Rc8 14. h3 Bd5 15. Rfc1 Bc4 16. Ng5 Nf6 17. Ne4 Ba3 18. Re1 Nd5 19. Bxc4 Qxc4 20. Qg4 Kf8 21. Qg3 Qc7 22. Qf3 Be7 23. Rac1 Qc4 24. Bg5 Ba3 25. Rc2 h6 26. Bf4 Be7 27. Bd6 Rc6 28. Bxe7+ Kxe7 29. Qg3 g5 30. h4 f6 31. Nd2 Qa4 32. Rec1 Nf4 33. Qe3 Rhc8 34. c4 Kf7 35. Qe4 f5 36. Qe3 Qa5 37. hxg5 hxg5 38. g3 Nh3+ 39. Kg2 Rh8 40. Rh1 g4 41. Rcc1 Qb4 42. d5 exd5 43. cxd5 Rxc1 44. Rxc1 Qd6 45. Qd3 f4 46. Qf5+ Ke7 47. Re1+ Kd8 48. Ne4 0-1

[Event "FRA-ch Universities 2019"]
[Site "Paris"]
[Date "2019.02.03"]
[Round "9"]
[White "Geronimi, Pierre-Francois"]
[Black "Brethes, Francois"]
[Result "1-0"]
[ECO "B54"]
[WhiteElo "2042"]
[BlackElo "2267"]
[Annotator "NA"]
[PlyCount "72"]
[EventDate "2019.02.01"]
[EventType "swiss"]
[EventCountry "FRA"]
[SourceTitle "playchess.com"]
[Source "ChessBase"]
[SourceQuality "1"]
[TimeControl "900+5"]

1. e4 c5 2. Nf3 d6 3. d4 cxd4 4. Nxd4 Nf6 5. Bd3 Nc6 6. Nxc6 bxc6 7. Nd2 g6 8. O-O Bg7 9. c3 O-O {[%emt 0:00:08] B55: Sicilian: 2...d6 3 d4 cxd4 4 Nxd4 Nf6 5 f3} 10. a4 (10. Nf3 Qc7 11. Bf4 e5 12. Bg3 Nh5 13. c4 Nxg3 14. hxg3 f5 15. c5 dxc5 16. Rc1 fxe4 17. Bxe4 {1-0 (39) Ristoja,S (2164)-Tuominen,R (2303) Finland 2016}) 10... d5 $146 ({Predecessor:} 10... Rb8 11. b4 Qc7 12. Re1 Ng4 13. Bb2 a5 14. b5 d5 15. Nf3 dxe4 16. Rxe4 {0-1 (32) Schmeck,D (1179)-De la Pena Balbuena,I (1358) LSS email 2008}) 11. Qe2 Nd7 12. Re1 e5 13. c4 d4 14. b4 f5 15. a5 f4 16. f3 Qh4 17. Qf2 Qh5 18. c5 Nf6 19. Nc4 Ne8 20. Qc2 Bf6 21. Bd2 Bh4 22. Rec1 Bg3 23. h3 Bxh3 $11 24. gxh3 Qxh3 25. Be1 Bxe1 26. Rxe1 Qxf3 27. Nxe5 Qh5 28. Bc4+ Kg7 29. Nd3 Nf6 30. Qh2 Qg4+ 31. Qg2 Qxg2+ 32. Kxg2 Ng4 33. Be6 Ne3+ 34. Kf3 g5 35. Rg1 Kf6 36. Bg4 Nxg4 1-0